AoeStats
← Innocent Civil

Arabia

510596104Analyzed
3v3 RM · 14h ago on Oct 1, 2026· 78m 31s· 6 players
Game mode
Random Map
Map size
Normal (6 player)
Population
200
Speed
Normal
Resources
Standard
Victory
Conquest
Starting age
Dark Age
Ending age
Imperial Age
RankedLock teamsTeams togetherTeam positionsShared explorationLock speedFull tech treeHidden civsTurbo modeCheats
Victory
Defeat
🇨🇭 Khmer · Switzerland
919
+13
🇨🇭 Vietnamese · Switzerland
908
+13
🇨🇭 Persians · Switzerland
648
+23
🇮🇹 Persians · Italy
855
-17
🇮🇹 Bulgarians · Italy
834
-16
🇮🇹 Sicilians · Italy
823
-22
Innocent Civil
7:03 Loom
10:19 Feudal Age
11:31 Double-Bit Axe
18:28 Fletching
18:38 Padded Archer Armor
19:53 Gold Mining
30:30 Wheelbarrow
32:57 Castle Age
34:44 Bow Saw
34:28 Crossbowman
35:14 Thumb Ring
37:25 Wheelbarrow
37:10 Bodkin Arrow
37:31 Leather Archer Armor
40:04 Pikeman
46:08 Hand Cart
50:00 Imperial Age
48:17 Squires
50:59 Arbalester
51:45 Horse Collar
54:01 Chemistry
53:22 Ballistics
52:52 Heated Shot
53:13 Fortified Wall
52:58 Murder Holes
54:34 Halberdier
60:45 Two-Man Saw
66:51 Masonry
66:22 Treadmill Crane
78:21 Siege Engineers
Tortugabx
13:16 Feudal Age
11:32 Loom
18:34 Castle Age
21:05 Husbandry
28:03 Scale Barding Armor
28:14 Forging
34:24 Chain Barding Armor
34:40 Iron Casting
35:49 Double-Bit Axe
36:06 Gold Mining
36:07 Stone Mining
fyfy
6:43 Loom
9:17 Feudal Age
11:08 Double-Bit Axe
13:20 Horse Collar
20:54 Castle Age
19:19 Bloodlines
19:17 Gold Mining
20:04 Forging
22:07 Bow Saw
22:50 Iron Casting
22:23 Husbandry
21:44 Light Cavalry
22:37 Scale Barding Armor
22:42 Heavy Plow
24:33 Wheelbarrow
27:11 Gold Shaft Mining
28:18 Hand Cart
30:36 Imperial Age
29:20 Scale Barding Armor
30:24 Chain Barding Armor
30:18 Town Watch
32:21 Blast Furnace
34:02 Heavy Scorpion
36:12 Double Crossbow
36:50 Conscription
38:49 Chemistry
38:10 Ballistics
39:28 Plate Barding Armor
39:45 Caravan
40:33 Hussar
43:36 Fletching
44:13 Bodkin Arrow
45:14 Bracer
48:06 Siege Engineers
47:57 Murder Holes
58:18 Stone Mining
Lain
6:34 Loom
12:29 Feudal Age
13:05 Double-Bit Axe
13:02 Horse Collar
21:09 Castle Age
20:28 Forging
22:18 Bow Saw
23:36 Pikeman
25:48 Squires
25:52 Stone Mining
30:44 Wheelbarrow
30:15 Heavy Plow
34:56 Kamandaran
35:39 Gold Mining
36:24 Stone Shaft Mining
36:01 Fletching
36:38 Hand Cart
43:06 Imperial Age
41:48 Ballistics
41:58 Husbandry
41:52 Crossbowman
42:38 Thumb Ring
43:18 Masonry
45:26 Chemistry
44:59 Halberdier
48:39 Iron Casting
48:05 Scale Mail Armor
48:37 Citadels
49:06 Hoardings
Viole
11:00 Feudal Age
15:00 Double-Bit Axe
20:51 Scale Mail Armor
22:20 Wheelbarrow
22:16 Stone Mining
22:46 Horse Collar
24:15 Gold Mining
27:45 Castle Age
26:57 Loom
29:34 Bow Saw
28:56 Pikeman
31:34 Scale Barding Armor
31:33 Fletching
31:48 Padded Archer Armor
32:00 Forging
32:38 Heavy Plow
33:17 Stone Shaft Mining
33:18 Gold Shaft Mining
34:29 First Crusade
38:37 Chain Mail Armor
38:59 Iron Casting
38:45 Chain Barding Armor
39:33 Hand Cart
39:26 Town Watch
44:12 Imperial Age
44:22 Elite Serjeant
46:44 Plate Mail Armor
47:15 Blast Furnace
46:53 Plate Barding Armor
46:34 Heavy Mounted Crossbowman
47:16 Cranequins
49:35 Hauberk
49:06 Halberdier
49:47 Squires
50:48 Bodkin Arrow
52:44 Ballistics
53:44 Chemistry
53:14 Bracer
53:29 Leather Archer Armor
59:11 Hoardings
59:10 Sappers
60:01 Conscription
kickbear
8:01 Loom
10:43 Feudal Age
11:59 Double-Bit Axe
16:16 Bloodlines
28:35 Castle Age
27:30 Gold Mining
27:49 Horse Collar
30:04 Bow Saw
30:34 Heavy Plow
32:23 Husbandry
31:44 Light Cavalry
33:08 Wheelbarrow
33:23 Gold Shaft Mining
32:39 Stone Mining
33:10 Pikeman
33:50 Squires
35:44 Stone Shaft Mining
36:57 Scale Barding Armor
40:54 Hand Cart
48:07 Imperial Age
46:11 Gambesons
46:12 Arson
47:02 Stirrups
47:59 Chain Barding Armor
47:39 Scale Mail Armor
47:53 Forging
52:13 Cavalier
52:58 Halberdier
54:11 Hussar
58:44 Plate Barding Armor
58:29 Chain Mail Armor
58:49 Iron Casting
Connection lost

Rejoining the realm…

Still unreachable

The connection could not be restored.

Session expired

The server has moved on; the page needs a fresh start.